 Dungeon Crawl Stone Soup version 0.27-a0-679-g77a6b55cf3 (webtiles) character file.

Game seed: 465118860361462638

557 kae the Ruffian (level 7, -4/61 HPs)
             Began as a Naga Transmuter on Mar 18, 2021.
             Slain by a two-headed ogre
             ... wielding a +0 giant club
              (22 damage)
             ... on level 5 of the Dungeon.
             The game lasted 00:04:06 (6767 turns).

kae the Ruffian (Naga Transmuter)                   Turns: 6767, Time: 00:04:06

Health: -4/61      AC:  2    Str: 14    XL:     7   Next: 30%
Magic:  8/11       EV: 19    Int: 14    God:
Gold:   147        SH:  0    Dex: 16    Spells: 7/12 levels left

rFire    . . .     SeeInvis +     - Unarmed
rCold    . . .     Faith    .   (shield currently unavailable)
rNeg     . . .     Spirit   .   (armour currently unavailable)
rPois    x         Reflect  .   (helmet currently unavailable)
rElec    .         Harm     .   (cloak currently unavailable)
rCorr    .         Rampage  .   (gloves currently unavailable)
Will     .....                  (no barding)
Stlth    +.........             (no amulet)
HPRegen  0.20/turn              (no ring)
MPRegen  0.12/turn              (no ring)

@: short of breath, spider-form
A: venomous fangs, AC +2, tiny, see invisible, (deformed body), (poison
resistance), (slowness 2), spit poison 1, (naga tail 1)
a: Spit Poison, End Transformation


You were on level 5 of the Dungeon.
You were a venomous arachnid creature.
You visited 1 branch of the dungeon, and saw 5 of its levels.

You collected 147 gold pieces.

Inventory:

Armour
 a - a +0 robe (melded)
Jewellery
 j - a ring of see invisible
Wands
 k - a wand of charming (10)
Scrolls
 f - a scroll of fear {unknown}
 g - a scroll of enchant weapon
 i - a scroll of fog
Potions
 b - a potion of curing
 c - 2 potions of heal wounds {unknown}
 d - 3 potions of attraction {unknown}
 e - a potion of lignification {unknown}
 h - a potion of flight {unknown}
 n - a potion of might {unknown}


   Skills:
 + Level 2.5 Fighting
 + Level 2.6 Dodging
 * Level 4.9 Unarmed Combat
 + Level 3.0 Spellcasting
 * Level 4.3 Transmutations
 - Level 3.0 Poison Magic


You had 7 spell levels left.
You knew the following spells:

 Your Spells              Type           Power      Damage    Failure   Level
a - Beastly Appendage     Tmut           28%        N/A       12%         1
b - Spider Form           Tmut/Pois      6%         N/A       32%         3
z - Magic Dart            Conj           8%         1d3       43%         1

Your spell library contained the following spells:

 Spells                   Type           Power      Damage    Failure   Level
 Wereblood                Tmut           14%        N/A       16%         2
 Blink                    Tloc           N/A        N/A       54%         2
 Call Imp                 Summ           2%         N/A       54%         2
 Slow                     Hex            2%         N/A       54%         2
 Mephitic Cloud           Conj/Pois/Air  4%         N/A       61%         3
 Conjure Flame            Conj/Fire      2%         6-21      75%         3
 Ice Form                 Ice/Tmut       8%         N/A       83%         4
 Blade Hands              Tmut           7%         N/A       86%         5


Dungeon Overview and Level Annotations

Branches:
Dungeon (5/15)
 Temple: D:4-7

Altars:
Sif Muna
Uskayaw
Wu Jian

Annotations:
D:5 3 runed translucent doors, PeterMcNeter's ghost, novice VSFi; p0werm0de's ghost, novice GrFi


Innate Abilities, Weirdness & Mutations

You are a venomous arachnid creature.
You have poisonous fangs.
You are tiny and dextrous.
Your spellcasting is less reliable in this form.
Your armour is entirely melded.
You are incapable of wielding weapons or throwing items.
((Your serpentine skin is tough. (AC +2)))
You have supernaturally acute eyesight. (SInv)
((Armour fits poorly on your strangely shaped body.))
((Your system is resistant to poisons. (rPois)))
((You cover ground very slowly.))
You can spit poison.
((You have a snake-like lower body.))


Message History

A worker ant is nearby!
You hit the worker ant.
The worker ant is poisoned.
The worker ant is almost dead.
You kill the worker ant!
No target in view!
You have got your breath back.
Your transformation is almost over.
Your transformation has ended.
Your +0 robe unmelds from your body.
No target in view!
No target in view!
You see here a worker ant corpse.
A two-headed ogre is nearby!
A two-headed ogre is nearby!
A two-headed ogre is nearby!
A two-headed ogre is nearby!
Okay, then.
Casting: Spider Form (dangerous; 14% risk of failure)
Confirm with . or Enter, or press ? or * to list all spells.
You turn into a venomous arachnid creature.
Your +0 robe melds into your body.
The two-headed ogre closely misses you. x2
Abil: Spit Poison
Press: ? - help, Q - select action, (/) - cycle Shift-Dir - straight line, f - two-headed ogre
Aim: a two-headed ogre, wielding two +0 giant clubs The splash of poison hits the two-headed ogre.
The two-headed ogre is poisoned.
The two-headed ogre is lightly wounded.
The two-headed ogre hits you with a +0 giant club!!
The two-headed ogre closely misses you.
A two-headed ogre is nearby!
You hit the two-headed ogre but do no damage.
The two-headed ogre looks even sicker.
The two-headed ogre is lightly wounded.
The two-headed ogre hits you with a +0 giant club!
The two-headed ogre hits you with a +0 giant club!!
* * * LOW HITPOINT WARNING * * *
You feel better. The two-headed ogre barely misses you.
The two-headed ogre hits you with a +0 giant club!!
You die...

#...........#.#####
#.#############/P⌠P### #.#
#8....#.# #†# ......#.#
#.# #####P....W+.##### #.#
#...#⌠....W+...... #.#
#.###P.....+.##### #.# #.#
$...[.#.# #.# #s#
#8....#.# #.#
#O#####/P⌠P#.#####
#.#######.....######......
#........####.# #.#####
########.# #.# #.# #.. #.#
#.# #.###.. #.####.#
#.##... ###....#.#
##.##...
#>..###..#####.......


You could see a two-headed ogre (very poisoned).

Vanquished Creatures
  Grinder (D:3)
  A scorpion (D:4)
  A howler monkey (D:5)
  A centaur zombie (D:5)
  4 worker ants
  A hound zombie (D:5)
  3 adders
  A shadow imp (D:5)
  An ufetubus (D:5)
  2 worms (D:3)
  3 dart slugs
  4 leopard geckos
  3 orcs
  7 giant cockroaches
  8 goblins
  11 hobgoblins
  7 jackals
  6 kobolds
  2 quokkas (D:1)
  A ball python (D:1)
  7 bats
  4 frilled lizards
  A jackal skeleton (D:4)
  A quokka skeleton (D:5)
  6 rats
87 creatures vanquished.

Vanquished Creatures (others)
  4 withered plants (D:5)
4 creatures vanquished.

Grand Total: 91 creatures vanquished

Notes
Turn   | Place    | Note
-------+----------+-------------------------------------------
     0 | D:1      | kae the Naga Transmuter began the quest for the Orb.
     0 | D:1      | Reached XP level 1. HP: 18/18 MP: 3/3
   264 | D:1      | Reached XP level 2. HP: 6/25 MP: 5/5
  1042 | D:1      | Reached XP level 3. HP: 23/31 MP: 4/6
  1044 | D:1      | Learned a level 1 spell: Magic Dart
  1291 | D:1      | Learned a level 3 spell: Spider Form
  2517 | D:2      | Reached XP level 4. HP: 38/38 MP: 5/7
  3354 | D:3      | Noticed Grinder
  3892 | D:3      | Paralysed by Grinder for 5 turns
  4051 | D:3      | Paralysed by Grinder for 3 turns
  4069 | D:3      | Killed Grinder
  4070 | D:3      | Reached XP level 5. HP: 9/45 MP: 3/9
  4070 | D:3      | Reached XP level 6. HP: 10/52 MP: 3/10
  5040 | D:4      | Found a hide-covered altar of Uskayaw.
  5815 | D:5      | Entered Level 5 of the Dungeon
  5885 | D:5      | Reached XP level 7. HP: 21/61 MP: 9/11
  6182 | D:5      | Noticed a two-headed ogre
  6506 | D:5      | Found an ornate altar of the Wu Jian Council.
  6518 | D:5      | Found a runed translucent gate.
  6518 | D:5      | Found a runed translucent gate.
  6518 | D:5      | Found a runed translucent gate.
  6518 | D:5      | Noticed PeterMcNeter's ghost (novice VSFi)
  6518 | D:5      | Noticed p0werm0de's ghost (novice GrFi)
  6618 | D:5      | Found a shimmering blue altar of Sif Muna.
  6767 | D:5      | Slain by a two-headed ogre

Illustrated notes

Levels and vault maps discovered:
D:1:      erik_arrival_cave_to_civilisation [erik_arrival_cave_to_hall],
          layout_basic, minmay_hedge_maze
D:2:      layout_loops_cross
D:3:      layout_rooms, uniq_grinder
D:4:      layout_cave_pods, nicolae_overflow_crystal_walls
D:5:      layout_loops_ring, kennysheep_mini, nzn_wu_jian_contemplation,
          lemuel_coloured_pillars_altar, gammafunk_ghost_cemetery,
          grunt_ministairs_5, kennysheep_generic_room_5

Skill      XL: |  1  2  3  4  5  6  7 |
---------------+----------------------+-----
Transmutations | 3 4 |  4.3
Fighting       | 2 |  2.5
Dodging        | 2 |  2.6
Unarmed Combat | 4 |  4.9
Poison Magic   | 2 3 |  3.0
Spellcasting   | 3 |  3.0

Action                   |  1- 3 |  4- 6 |  7- 9 || total
-------------------------+-------+-------+-------++-------
Melee: Unarmed           |    89 |   116 |    32 ||   237
       Headbutt          |     9 |     8 |     3 ||    20
       Punch             |       |     1 |       ||     1
 Cast: Beastly Appendage |    19 |    21 |     1 ||    41
       Spider Form       |     1 |     7 |     6 ||    14
 Abil: Spit Poison       |    29 |    28 |     4 ||    61
  Use: Scroll            |     2 |     6 |     1 ||     9
       Potion            |       |       |     1 ||     1
Armor: Robe              |    31 |    16 |     6 ||    53
       Skin              |       |     3 |       ||     3
Dodge: Dodged            |    76 |    93 |    30 ||   199

Table legend: (Time is in decaauts)
 A = Elapsed time spent in this place.
 B = Non-inter-level travel time spent in this place.
 C = Inter-level travel time spent in this place.
 D = Time resting spent in this place.
 E = Time spent auto-exploring this place.
 F = Levels seen in this place.
 G = Mean time per level.
                   A        B        C        D        E       F      G
               +--------+--------+--------+--------+--------+-----+--------+
         Total |   7890 |   7683 |    207 |   1022 |   5847 |   5 | 1578.0 |
       Dungeon |   7890 |   7683 |    207 |   1022 |   5847 |   5 | 1578.0 |
               +--------+--------+--------+--------+--------+-----+--------+

Top non-repeatable levels by time:
     D:1: 2658 daAuts
     D:2: 2006 daAuts
     D:3: 1083 daAuts
     D:4: 1082 daAuts
     D:5: 1059 daAuts
